 Dungeon Crawl Stone Soup version 0.30-a0-643-g638baaf3f0 (webtiles) character file.

Game seed: 17336362530131086429

2492 Dirtsage the Changer (level 9, 0/69 HPs)
             Began as an Octopode Transmuter on Jan 16, 2023.
             Was an Initiate of Gozag.
             Slain by a gnoll
             ... wielding a +0 halberd of electrocution
              (9 damage)
             ... in a bailey.
             The game lasted 00:17:16 (6623 turns).

Dirtsage the Changer (Octopode Transmuter)          Turns: 6623, Time: 00:17:16

Health: 0/69       AC: 10    Str:  9    XL:     9   Next: 52%
Magic:  12/12      EV: 11    Int: 25    God:    Gozag
Gold:   663        SH:  0    Dex: 13    Spells: 5/12 levels left

rFire   x . .      SeeInvis .      - Unarmed
rCold   + + +      Faith    .    (shield currently unavailable)
rNeg    . . .      Spirit   .    (helmet currently unavailable)
rPois   +          Reflect  .    (no amulet)
rElec   .          Harm     .    i - +6 ring of intelligence
rCorr   .          Rampage  .    W - ring of wizardry
Will    .....                    (no ring)
Stlth   +                        (no ring)
HPRegen 0.31/turn                (no ring)
MPRegen 0.13/turn                (no ring)
                                 (no ring)
                                 (no ring)

@: ice-form
A: freezing attack, boosted hp, almost no armour, amphibious, 8 rings, large,
(camouflage 1), (gelatinous body 1), (nimble swimmer 1), (tentacles)
a: End Transformation, Renounce Religion, Potion Petition, Call Merchant, Bribe
Branch


You were in a bailey.
You worshipped Gozag.
Gozag was pleased with you.
You were a creature of crystalline ice.
You visited 2 branches of the dungeon, and saw 8 of its levels.
You also visited: Sewer and Bailey.

You collected 782 gold pieces.
You paid 119 gold pieces to Gozag.

Inventory:

Hand Weapons
 m - the +5 whip of Day (melded) {elec, Str+2 Int+4}
   (You found it on level 3 of the Dungeon)

   Str:       It affects your strength (+2).
   Int:       It affects your intelligence (+4).
Magical Staves
 w - a staff of death
Jewellery
 i - a +6 ring of intelligence (left front paw)
 l - a ring of ice
 W - a ring of wizardry (right front paw)
Wands
 D - a wand of digging (1)
Scrolls
 d - a scroll of fog
 e - a scroll of amnesia
 f - a scroll of noise
 g - a scroll of fear
 j - a scroll of immolation
 n - 2 scrolls of enchant armour
 p - a scroll of enchant weapon
 q - a scroll of butterflies
 r - 2 scrolls of magic mapping
 t - a scroll of teleportation
 u - a scroll of vulnerability
Potions
 a - a potion of lignification
 b - 4 potions of curing {unknown}
 c - 2 potions of magic
 h - a potion of haste
 k - 5 potions of heal wounds {unknown}
 o - 2 potions of degeneration {unknown}
 s - 2 potions of flight {unknown}
 v - a potion of attraction {unknown}
 x - a potion of invisibility
 z - a potion of mutation {unknown}
 A - a potion of might {unknown}


   Skills:
 + Level 3.9 Fighting
 + Level 4.5 Dodging
 * Level 6.6 Unarmed Combat
 - Level 2.0 Spellcasting
 + Level 7.0 Transmutations
 + Level 6.6 Ice Magic


You had 5 spell levels left.
You knew the following spells:

 Your Spells              Type           Power      Damage    Failure   Level
a - Ice Form              Ice/Tmut       36%        N/A       2%          4
b - Wereblood             Tmut           37%        N/A       1%          2
c - Beastly Appendage     Tmut           74%        N/A       1%          1

Your spell library contained the following spells:

 Spells                   Type           Power      Damage    Failure   Level
 Ensorcelled Hibernation  Hex/Ice        38%        N/A       1%          2
 Passwall                 Tmut/Erth      16%        N/A       1%          2
 Spider Form              Tmut/Pois      20%        N/A       3%          3
 Sandblast                Erth           4%         2d4       4%          1
 Cigotuvi's Dreadful Rot  Necr/Pois/Air  4%         N/A       7%          2
 Poisonous Vapours        Pois/Air       4%         N/A       7%          2
 Mephitic Cloud           Conj/Pois/Air  2%         N/A       13%         3
 Stone Arrow              Conj/Erth      4%         3d7       13%         3
 Anguish                  Hex/Necr       1%         N/A       38%         4
 Fireball                 Conj/Fire      1%         3d3       73%         5
 Iskenderun's Battlesphe  Conj           2%         2d6       73%         5
 Conjure Ball Lightning   Conj/Air       1%         3x3d6     99%         6
 Orb of Destruction       Conj           1%         9d5       100%        7


Dungeon Overview and Level Annotations

Branches:
Dungeon (7/15)             Temple (1/1) D:5           Sewer (visited)
 Bailey (1/1)

Altars:
Ashenzari
Cheibriados
Dithmenos
Fedhas
Gozag
Hepliaklqana
Kikubaaqudgha
Makhleb
Nemelex Xobeh
Okawaru
Qazlal
Ru
Sif Muna
Trog
Uskayaw
Vehumet
Wu Jian
Xom
Yredelemnul
Zin
The Shining One


Innate Abilities, Weirdness & Mutations

You are a creature of crystalline ice.
You have a powerful freezing melee attack.
Your maximum health is increased.
Your armour is entirely melded.
You are incapable of wielding weapons or throwing items.
You cannot wear most types of armour.
You are amphibious.
You can wear up to eight rings at the same time.
((Your skin changes colour to match your surroundings (Stealth+).))
((Your rubbery body absorbs attacks. (AC +1, EV +1)))
((You are camouflaged when in or above water. (Stealth+)))
((You have tentacles for arms and can constrict up to eight enemies at once.))


Message History

The orc closely misses you.
The gnoll drinks a potion.
The gnoll flickers and vanishes!
You punch the orc! You freeze the orc.
You feel a bit better.
You kill the orc!
You regained 3 hp, and now have 65/69 hp.
The gnoll drinks a potion.
The gnoll suddenly seems more resistant.
Something hits you but does no damage.
There is an open door here.
There is an open door here.
Things that are here:
8 gold pieces; a +2 halberd of electrocution
Things that are here:
a +1 halberd of electrocution; a +1 halberd of electrocution
There is an open door here.
Health restored: 69 Your primal bloodlust is almost over.
You see here a +1 halberd of draining.
Something hits you!
You take 12 damage, and have 57/69 hp.
There is an open door here.
MP restored: 12 You see here a +1 halberd of draining.
Your primal bloodlust has ended.
There is an open door here.
You see here a +0 halberd of electrocution.
There is an open door here.
Something hits you.
You are electrocuted!
The gnoll hits you from afar with a +0 halberd of electrocution.
You are electrocuted!!
* * * LOW HITPOINT WARNING * * *
There is an open door here.
You take 40 damage, and have 18/69 hp.
MASSIVE DAMAGE!!
You closely miss something. Something hits you!
* * * LOW HITPOINT WARNING * * *
The gnoll hits you from afar with a +0 halberd of electrocution.
* * * LOW HITPOINT WARNING * * *
You are electrocuted!
You die...
Your body crumbles into a pile of gold.

### ### ##### ### ##
#∩###)###)gg###$###$#
##'##'##Y###'##'##'#
##.....## ##.....##
###.....#####.....###
#)'..∩..'.#)'..⌠).'$#
###.....#####.....###
##.....## ##.....##
#'##'##'###'##'##'##
#.###)###)#$###.###)#
## ### #### ### #$#


You could see 2 gnolls.

Vanquished Creatures
  A hornet (D:5)
  A steam dragon (D:6)
  Menkaure (D:5)
  Pargi (Sewer)
  An ice beast (D:6)
  3 black bears
  2 centaurs (D:6)
  2 ogres (D:6)
  2 phantoms
  Blork the orc (D:4)
  A gnoll sergeant (D:6)
  2 necrophages (D:6)
  A scorpion (D:4)
  A bullfrog (D:6)
  A howler monkey (D:6)
  2 orc priests
  2 jellies
  2 hounds (D:6)
  Terence (D:2)
  2 orc wizards
  4 iguanas
  18 gnolls
  4 adders
  3 worms (D:4)
  3 dart slugs
  19 orcs
  6 ball pythons
  14 bats
  3 endoplasms
  7 giant cockroaches
  11 goblins
  6 hobgoblins
  9 quokkas
  3 frilled lizards
  2 kobolds
  4 rats
146 creatures vanquished.

Notes
Turn   | Place    | Note
-------+----------+-------------------------------------------
     0 | D:1      | Dirtsage the Octopode Transmuter began the quest for the
                  | Orb.
     0 | D:1      | Reached XP level 1. HP: 13/13 MP: 3/3
   295 | D:1      | Found a faded altar of an unknown god.
   317 | D:1      | Reached skill level 1 in Ice Magic
   317 | D:1      | Reached XP level 2. HP: 17/18 MP: 3/5
   404 | D:1      | Saving game... please wait.
   793 | D:2      | Reached XP level 3. HP: 20/23 MP: 4/6
   901 | D:2      | Found a burning altar of Makhleb.
   962 | D:2      | Noticed Terence
   973 | D:2      | Killed Terence
   974 | D:2      | Reached skill level 3 in Transmutations
   974 | D:2      | Reached XP level 4. HP: 17/28 MP: 5/7
  1319 | D:3      | Found a shadowy altar of Dithmenos.
  1425 | D:3      | Identified the +5 whip of Day {elec, Str+2 Int+4}
  2019 | D:3      | Reached XP level 5. HP: 25/33 MP: 6/8
  2022 | D:3      | Learned a level 2 spell: Wereblood
  2027 | D:3      | Learned a level 4 spell: Ice Form
  2316 | D:4      | Noticed a phantom
  2348 | D:4      | Found a glowing drain.
  2371 | Sewer    | Entered a sewer
  2376 | Sewer    | Reached skill level 4 in Transmutations
  2449 | Sewer    | Noticed Pargi
  2461 | Sewer    | Killed Pargi
  2462 | Sewer    | Reached XP level 6. HP: 38/38 MP: 5/9
  2598 | D:4      | Noticed Blork the orc
  2616 | D:4      | Killed Blork the orc
  2617 | D:4      | Reached skill level 5 in Transmutations
  2785 | D:4      | Reached XP level 7. HP: 30/43 MP: 8/10
  2903 | D:4      | Reached skill level 5 in Ice Magic
  3559 | D:5      | Entered Level 5 of the Dungeon
  3650 | D:5      | Found an opulent altar of Gozag.
  3656 | D:5      | Became a worshipper of Gozag Ym Sagoz the Greedy
  3706 | D:5      | Noticed Menkaure
  3859 | D:6      | Reached XP level 8. HP: 46/50 MP: 7/11
  3994 | D:6      | Reached skill level 6 in Transmutations
  4472 | D:6      | Reached skill level 5 in Unarmed Combat
  4799 | D:6      | Reached XP level 9. HP: 56/56 MP: 6/12
  4852 | D:6      | Found a hide-covered altar of Uskayaw.
  4855 | D:6      | Found a radiant altar of Vehumet.
  4855 | D:6      | Found a hazy altar of Hepliaklqana.
  4868 | D:6      | Found a burning altar of Makhleb.
  4871 | D:6      | Found a sparkling altar of Nemelex Xobeh.
  4954 | D:5      | Found a staircase to the Ecumenical Temple.
  5261 | Temple   | Entered the Ecumenical Temple
  5492 | D:5      | Found a glowing silver altar of Zin.
  5505 | D:5      | Noticed a hornet
  5513 | D:5      | Killed a hornet
  5782 | D:5      | Killed Menkaure
  6109 | D:7      | Found a flagged portal.
  6122 | Bailey   | Entered a bailey
  6255 | Bailey   | Reached skill level 7 in Transmutations
  6623 | Bailey   | Slain by a gnoll

Illustrated notes

Levels and vault maps discovered:
D:1:      lightli_arrival_isolated_outpost, layout_basic,
          hellmonk_ecumenical_altar_arch_garden, minmay_misc_feat_hallway
D:2:      layout_rooms, basic_altar, uniq_terence
D:3:      layout_basic, mainiacjoe_overflow_six_doors_small
D:4:      layout_loops_corners, gup_sewer_entry_pipe, uniq_blork_the_orc
D:5:      black_bear_nest_1, layout_loops_cross,
          pdpol_temple_overflow_zin_treasury_gozag_greed,
          minmay_temple_entry_glass, uniq_menkaure
D:6:      layout_cave_pools, minmay_overflow_temple_star_hex
D:7:      layout_basic, enter_bailey_3, small_statue_intersection
Temple:   cyrus_circular_temple
Bailey:   bailey_polearm_nasty_gnolls, bailey

Skill      XL: |  1  2  3  4  5  6  7  8  9 |
---------------+----------------------------+-----
Ice Magic      | 1 2 3 4 5 6 |  6.6
Transmutations | 3 4 5 6 7 |  7.0
Unarmed Combat | 5 6 |  6.6
Fighting       | 3 |  3.9
Dodging        | 3 4 |  4.5
Spellcasting   | |  2.0

Action                   |  1- 3 |  4- 6 |  7- 9 || total
-------------------------+-------+-------+-------++-------
Melee: Unarmed           |    54 |    44 |   217 ||   315
       Constrict         |    13 |    15 |     2 ||    30
       Tentacles         |    13 |    11 |     1 ||    25
       Kick              |    11 |     3 |       ||    14
       Whip              |       |    45 |    11 ||    56
 Cast: Beastly Appendage |    11 |     7 |       ||    18
       Ice Form          |       |     3 |    27 ||    30
       Wereblood         |       |     2 |     9 ||    11
  Use: Scroll            |       |       |    12 ||    12
 Stab: Sleeping          |     2 |     4 |     3 ||     9
       Distracted        |       |     1 |       ||     1
Armor: Skin              |     5 |    38 |    76 ||   119
Dodge: Dodged            |    28 |    77 |   102 ||   207

Table legend: (Time is in decaauts)
 A = Elapsed time spent in this place.
 B = Non-inter-level travel time spent in this place.
 C = Inter-level travel time spent in this place.
 D = Time resting spent in this place.
 E = Time spent auto-exploring this place.
 F = Levels seen in this place.
 G = Mean time per level.
                   A        B        C        D        E       F      G
               +--------+--------+--------+--------+--------+-----+--------+
         Total |   6601 |   6416 |    185 |    261 |   4855 |  10 |  660.1 |
       Dungeon |   5881 |   5706 |    175 |      0 |   4705 |   7 |  840.1 |
        Temple |     55 |     45 |     10 |      0 |     38 |   1 |   55.0 |
         Sewer |    169 |    169 |      0 |      0 |    112 |   1 |  169.0 |
        Bailey |    494 |    494 |      0 |    261 |      0 |   1 |  494.0 |
               +--------+--------+--------+--------+--------+-----+--------+

Top non-repeatable levels by time:
     D:5: 1233 daAuts
     D:6: 1228 daAuts
     D:3: 1150 daAuts
     D:4: 1124 daAuts
     D:1: 626 daAuts
  Bailey: 494 daAuts
     D:2: 484 daAuts
   Sewer: 169 daAuts
  Temple: 55 daAuts
     D:7: 34 daAuts
